 Dungeon Crawl Stone Soup version 0.16-a0-2736-g1697cd3 (webtiles) character file.

161 Ratboiler the Charlatan (level 5, -1/37 HPs)
             Began as a Formicid Artificer on Nov 26, 2014.
             Was an Initiate of Okawaru.
             Slain by a gnoll sergeant
             ... wielding a +0 halberd
              (17 damage)
             ... on level 3 of the Dungeon.
             The game lasted 00:06:03 (2506 turns).

Ratboiler the Charlatan (Formicid Artificer)        Turns: 2506, Time: 00:06:03

Health: -1/37      AC:  6    Str: 16    XL:     5   Next: 70%
Magic:  12/12      EV:  9    Int: 11    God:    Okawaru [......]
Gold:   96         SH:  0    Dex: 12    Spells: 0 memorised, 4 levels left

rFire  + . .     SeeInvis +     a - +4 dagger
rCold  . . .     Clarity  .     n - +0 ring mail
rNeg   . . .     SustAb   .     (no shield)
rPois  .         Gourm    .     (helmet unavailable)
rElec  .         Spirit   .     (no cloak)
rCorr  .         Warding  .     (no gloves)
rMut   .         Stasis   +     v - +0 pair of boots
MR     .....                    (no amulet)
Stlth  +.........               (no ring)
                                u - ring of protection from fire

@: not resistant to hostile enchantments, very unstealthy
A: permanent stasis, dig shafts and tunnels, four strong arms, antennae 3
a: Dig, Shaft Self, Renounce Religion


You were on level 3 of the Dungeon.
You worshipped Okawaru.
Okawaru was noncommittal.
You were not hungry.

You visited 1 branch of the dungeon, and saw 3 of its levels.

You collected 96 gold pieces.

Inventory:

Hand weapons
 a - a +4 dagger (weapon)
 r - a +0 quarterstaff
Armour
 n - a +0 ring mail (worn)
 v - a +0 pair of boots (worn)
Jewellery
 u - a ring of protection from fire (left hand)
Magical devices
 b - a wand of flame (14)
 c - a wand of enslavement (13)
 d - a wand of random effects (15)
 q - a wand of slowing (18)
Scrolls
 g - 3 scrolls of identify {unknown}
 h - 2 scrolls of immolation {unknown}
 i - a scroll of remove curse {unknown}
 k - 2 scrolls of enchant armour {unknown}
 t - a scroll of blinking {unknown}
 w - a scroll of teleportation {unknown}
Potions
 e - a potion of confusion {unknown}
 j - a potion of magic {unknown}
 o - a potion of heal wounds {unknown}
 p - 2 potions of restore abilities {unknown}
 s - a potion of mutation {unknown}
Comestibles
 f - 5 bread rations
 l - a beef jerky
 m - 2 slices of pizza
 x - 5 chunks of flesh


   Skills:
 - Level 1.1 Fighting
 - Level 1.0 Short Blades
 + Level 2.6 Staves
 - Level 1.7 Dodging
 - Level 1.2 Stealth
 - Level 6.0 Evocations


You had 4 spell levels left.
You didn't know any spells.

Dungeon Overview and Level Annotations

Branches:
Dungeon (3/15)

Altars:
Gozag
Nemelex Xobeh
Okawaru
Qazlal
The Shining One


Innate Abilities, Weirdness & Mutations

You are under a permanent stasis effect.
You can dig through walls and to a lower floor.
Your four strong arms can wield two-handed weapons with a shield.
You have a pair of large antennae on your head (SInv).


Message History

This wand has 14 charges left.
You hit the gnoll.
You kill the gnoll!
Okawaru accepts your kill.
You see here a stone.
You see here a stone.
Items here: ( )))))))) = [[ ††† You hit the gnoll sergeant.
The gnoll sergeant is heavily wounded.
The gnoll sergeant closely misses you.
You barely miss the gnoll sergeant.
The gnoll sergeant is heavily wounded.
The gnoll sergeant hits you with a halberd!
You barely miss the gnoll sergeant.
The gnoll sergeant is heavily wounded.
You closely miss the gnoll sergeant.
The gnoll sergeant is heavily wounded.
The gnoll hits you from afar with a spear!
The gnoll sergeant hits you with a halberd!
You die...

#.....# ##.....g#g.........##
#.....###..###.........###...
#.....##..#...)##......###...
#.....##....###((.)..#..##)#.
#.........#####g#######.†....
#......#####..=.# #........#
#.....## ##g.#### #..........
#.....# ##.g## #......>..$
#.....# #...@####............
#.....# #....................
####### #.........#.........<
#######......#### .........
..##........÷..[.... ....
..........÷.#########
.............###### #...
###................ #.....
#..........###### #......


You could see a gnoll sergeant and a gnoll.

Vanquished Creatures
  Ijyb (D:3)
  Robin (D:3)
  A gnoll (D:3)
  5 adders
  A worm (D:2)
  A giant gecko (D:1)
  4 bats
  10 hobgoblins
  7 jackals
  3 quokkas
  A ball python (D:2)
  2 giant cockroaches
  4 giant newts
  15 goblins
  11 kobolds
  7 rats
74 creatures vanquished.

Vanquished Creatures (others)
  An ogre (D:3)
1 creature vanquished.

Grand Total: 75 creatures vanquished

Notes
Turn   | Place    | Note
--------------------------------------------------------------
     0 | D:1      | Ratboiler, the Formicid Artificer, began the quest for the Orb.
     0 | D:1      | Reached XP level 1. HP: 15/15 MP: 1/1
   173 | D:1      | Reached skill level 4 in Evocations
   173 | D:1      | Reached XP level 2. HP: 18/21 MP: 4/4
   593 | D:1      | Found a glowing golden altar of the Shining One.
   824 | D:2      | Found a sparkling altar of Nemelex Xobeh.
   825 | D:2      | Found an opulent altar of Gozag.
   825 | D:2      | Found an iron altar of Okawaru.
   829 | D:2      | Reached XP level 3. HP: 24/26 MP: 6/6
  1093 | D:2      | Reached skill level 5 in Evocations
  1114 | D:2      | Became a worshipper of Warmaster Okawaru
  1349 | D:2      | Found a stormy altar of Qazlal.
  1358 | D:2      | Reached XP level 4. HP: 22/32 MP: 8/8
  2019 | D:3      | Noticed Robin
  2027 | D:2      | Reached skill level 6 in Evocations
  2094 | D:2      | Reached skill level 1 in Staves
  2094 | D:2      | Reached XP level 5. HP: 21/37 MP: 12/12
  2331 | D:3      | Killed Robin
  2413 | D:3      | Noticed Ijyb
  2441 | D:3      | Killed Ijyb
  2467 | D:3      | Noticed an ogre
  2489 | D:3      | an ogre (ally) was killed
  2506 | D:3      | Slain by a gnoll sergeant

Action                   |  1- 3 |  4- 6 || total
-------------------------+-------+-------++-------
Melee: Short sword       |    29 |       ||    29
       Dagger            |    72 |   150 ||   222
Evoke: Wand              |       |     3 ||     3
  Eat: Chunk             |     1 |     4 ||     5
